Toronto Maple Leafs vs Pittsburgh Penguins
Created - Wednesday, May 17, 2023 at 07:02
Goals
|
| Toronto Maple Leafs |
4 |
1 |
1 |
6 |
| Pittsburgh Penguins |
1 |
1 |
0 |
2 |
|
Shots
|
| Toronto Maple Leafs |
13 |
11 |
11 |
35 |
| Pittsburgh Penguins |
9 |
13 |
9 |
31 |
|
1st period
1. Pittsburgh Penguins , Mitch Marner 18 (Leon Draisaitl 33, Erik Karlsson 21) at 0:15
2. Toronto Maple Leafs , Ryan Pulock 4 (Andrew Mangiapane 20, Adam Henrique 21) at 10:46 (PP)
3. Toronto Maple Leafs , Craig Smith 8 (Pierre Engvall 11) at 11:38
4. Toronto Maple Leafs , Sam Bennett 16 (Troy Terry 26, Brady Tkachuk 36) at 12:49 (PP)
5. Toronto Maple Leafs , Sam Bennett 17 (Brady Tkachuk 37) at 13:05
Penalties :
Anders Lee (PIT) for Hooking (Minor) at 10:00, Anders Lee (PIT) for Tripping (Minor) at 12:34
2nd period
6. Pittsburgh Penguins , Anders Lee 18 (Ryan Johansen 26, Jeff Carter 21) at 7:00 (PP)
7. Toronto Maple Leafs , Brady Tkachuk 38 (Jonas Siegenthaler 13, Josh Bailey 19) at 11:47
Penalties :
T.J. Brodie (PIT) for Hooking (Minor) at 4:27, Nicolas Roy (TOR) for Hooking (Minor) at 6:48, Brady Tkachuk (TOR) for Hooking (Minor) at 12:11, Craig Smith (TOR) for Tripping (Minor) at 16:24
3rd period
8. Toronto Maple Leafs , Ryan Pulock 5 (Brady Tkachuk 38, Sam Bennett 36) at 7:27 (PP)
Penalties :
Colin Miller (TOR) for Slashing (Double Minor) at 1:12, Ryan Suter (PIT) for Hooking (Minor) at 6:46, Erik Karlsson (PIT) for Tripping (Minor) at 7:09, Jonas Siegenthaler (TOR) for Roughing (Minor) at 7:33, Blake Coleman (PIT) for Fighting (Major) at 10:04, Brady Tkachuk (TOR) for Fighting (Major) at 10:04, Pavel Buchnevich (PIT) for Holding (Minor) at 17:22
Goalie Stats
James Reimer (TOR), 29 saves from 31 shots - (0.935), W, 11-5-2, 60:00 minutes
Mike Smith (PIT), 29 saves from 35 shots - (0.829), L, 6-6-0, 60:00 minutes
Players Stats for Toronto Maple Leafs
Player Name G A P +/- PIM S H SB GA TA FO MP PP MP PK MP
------------------------------------------------------------------------------------
Adam Henrique 0 1 1 0 0 2 1 0 0 0 3/12 18:26 1:47 2:12
Andrew Mangiapane 0 1 1 0 0 4 2 0 0 0 3/5 19:23 2:13 4:11
Brady Tkachuk 1 3 4 1 7 5 2 2 0 1 0/0 18:04 3:07 0:20
Cody Ceci 0 0 0 1 0 1 1 1 0 0 0/0 23:16 1:19 4:29
Colin Miller 0 0 0 0 4 1 2 2 0 2 0/0 18:25 0:00 0:00
Craig Smith 1 0 1 1 2 1 1 0 1 0 0/0 7:02 0:00 0:00
Jonas Siegenthaler 0 1 1 1 2 2 2 0 0 0 0/0 16:45 4:26 3:39
Josh Bailey 0 1 1 1 0 1 1 1 1 0 2/2 16:37 0:26 0:00
Kyle Okposo 0 0 0 0 0 0 1 1 0 0 0/0 14:17 0:55 1:47
Luke Schenn 0 0 0 1 0 0 0 1 1 0 0/0 12:38 0:38 1:05
Mario Ferraro 0 0 0 0 0 1 0 1 1 0 0/0 25:10 2:02 4:16
Nicolas Roy 0 0 0 1 2 0 1 0 0 0 2/2 11:06 0:00 2:07
Pierre Engvall 0 1 1 1 0 2 0 0 0 1 0/0 8:57 0:00 2:07
Ryan Pulock 2 0 2 1 0 2 1 3 0 1 0/0 22:26 3:06 3:37
Sam Bennett 2 1 3 1 0 4 3 2 2 0 20/34 19:36 3:07 0:00
Scott Laughton 0 0 0 0 0 1 2 0 1 0 3/6 13:39 0:00 4:11
Trevor Zegras 0 0 0 0 0 3 3 0 1 0 0/0 11:27 2:13 0:11
Troy Terry 0 1 1 0 0 5 1 0 1 0 0/2 12:32 3:30 0:00
Players Stats for Pittsburgh Penguins
Player Name G A P +/- PIM S H SB GA TA FO MP PP MP PK MP
------------------------------------------------------------------------------------
Anders Lee 1 0 1 -2 4 3 0 0 0 0 0/1 16:07 3:51 0:11
Anton Stralman 0 0 0 0 0 1 1 2 0 1 0/0 23:25 4:37 2:49
Blake Coleman 0 0 0 0 5 1 3 0 0 2 1/2 11:19 0:00 0:00
Chris Tanev 0 0 0 -3 0 0 0 1 0 0 0/0 13:59 0:04 0:00
Colton Sissons 0 0 0 0 0 0 0 1 0 0 1/3 7:09 0:29 0:00
Erik Gudbranson 0 0 0 0 0 0 1 0 0 0 0/0 6:56 0:04 0:00
Erik Karlsson 0 1 1 1 2 2 0 1 0 0 0/0 22:36 4:05 2:44
Jean-Gabriel Pageau 0 0 0 0 0 1 2 0 0 0 6/9 14:19 0:51 0:35
Jeff Carter 0 1 1 -2 0 0 1 1 0 1 0/0 15:30 3:51 0:00
Jordan Eberle 0 0 0 0 0 1 0 0 1 1 0/1 9:26 0:36 1:05
Leon Draisaitl 0 1 1 0 0 2 3 1 2 0 7/19 20:00 3:57 2:18
Mattias Ekholm 0 0 0 1 0 1 0 5 0 1 0/0 23:28 3:52 2:57
Mitch Marner 1 0 1 0 0 7 3 0 1 0 1/2 20:06 3:52 2:29
Pavel Buchnevich 0 0 0 0 2 2 2 0 1 1 3/7 19:27 3:33 1:49
Reilly Smith 0 0 0 0 0 2 1 0 0 0 1/2 13:15 0:35 0:00
Ryan Johansen 0 1 1 -2 0 6 1 0 0 0 10/17 19:01 3:51 2:47
Ryan Suter 0 0 0 0 2 1 0 1 0 0 0/0 23:18 4:37 2:43
T.J. Brodie 0 0 0 -3 2 1 1 1 0 2 0/0 12:53 0:00 0:18
3 Stars
1 - Sam Bennett (TOR)
2 - Ryan Pulock (TOR)
3 - Brady Tkachuk (TOR)
Power Play
Toronto Maple Leafs - 3 on 6 Attempt(s) - 50.00%
Pittsburgh Penguins - 1 on 6 Attempt(s) - 16.67%
Penalty Kill
Toronto Maple Leafs - 5 on 6 Attempt(s) - 83.33%
- Score 0 goal in Penalty Kill
Pittsburgh Penguins - 3 on 6 Attempt(s) - 50.00%
- Score 0 goal in Penalty Kill
Team Stat
Toronto Maple Leafs - Hits : 24 - Faceoff Wins : 33 - Blocked Shots : 14 - Penalty Minutes : 17
Pittsburgh Penguins - Hits : 19 - Faceoff Wins : 30 - Blocked Shots : 14 - Penalty Minutes : 17
Official
Referees : Dave Jackson and Ghislain Hebert
Linesman : Pierre Racicot and Michel Cormier
Game Notes
Blake Coleman beats up Brady Tkachuk at 10:04 of 3rd period
Ryan Pulock is injured at 13:27 of 3rd period (Left Leg)
Finance
Level 1 -- Attendance: 5170 (86.17%) -- Ticket Income $517,000
Level 2 -- Attendance: 3732 (74.64%) -- Ticket Income $223,920
Level 3 -- Attendance: 2608 (86.93%) -- Ticket Income $91,280
Level 4 -- Attendance: 3912 (78.24%) -- Ticket Income $97,800
Luxury Box -- Attendance: 774 (77.40%) -- Ticket Income $154,800
Game was played at the Consol Energy Center.
Total Attendance: 16196 (80.98%)
Total Ticket Income: $1,084,800
Other Income: $379,680
Total Income: $1,464,480
Toronto Maple Leafs
5 vs 5 Forward
Center Left Wing Right Wing Time % Phy DF OF
1 Sam Bennett Brady Tkachuk Josh Bailey 40 1 2 2
2 Adam Henrique Andrew Mangiapane Kyle Okposo 30 1 2 2
3 Scott Laughton Trevor Zegras Troy Terry 20 1 2 2
4 Nicolas Roy Pierre Engvall Craig Smith 10 1 2 2
5 vs 5 Defense
Defense Defense Time % Phy DF OF
1 Colin Miller Mario Ferraro 40 1 2 2
2 Ryan Pulock Cody Ceci 30 1 2 2
3 Luke Schenn Jonas Siegenthaler 20 1 2 2
4 Ryan Pulock Cody Ceci 10 1 2 2
PowerPlay Forward
Center Left Wing Right Wing Time % Phy DF OF
1 Sam Bennett Brady Tkachuk Troy Terry 60 1 2 2
2 Adam Henrique Trevor Zegras Andrew Mangiapane 40 1 2 2
PowerPlay Defense
Defense Defense Time % Phy DF OF
1 Jonas Siegenthaler Ryan Pulock 60 1 2 2
2 Cody Ceci Mario Ferraro 40 1 2 2
Penalty Kill 4 Players Forward
Center Wing Time % Phy DF OF
1 Scott Laughton Andrew Mangiapane 60 1 2 2
2 Nicolas Roy Pierre Engvall 40 1 2 2
Penalty Kill 4 Players Defense
Defense Defense Time % Phy DF OF
1 Mario Ferraro Cody Ceci 60 1 2 2
2 Ryan Pulock Jonas Siegenthaler 40 1 2 2
Penalty Kill - 3 Players Forward
Forward Time % Phy DF OF
1 Scott Laughton 60 1 2 2
2 Nicolas Roy 40 1 2 2
Penalty Kill - 3 Players Defense
Defense Defense Time % Phy DF OF
1 Mario Ferraro Cody Ceci 60 1 2 2
2 Jonas Siegenthaler Ryan Pulock 40 1 2 2
4 vs 4 Forward
Center Wing Time % Phy DF OF
1 Adam Henrique Andrew Mangiapane 60 1 2 2
2 Sam Bennett Brady Tkachuk 40 1 2 2
4 vs 4 Defense
Defense Defense Time % Phy DF OF
1 Ryan Pulock Cody Ceci 60 1 2 2
2 Jonas Siegenthaler Mario Ferraro 40 1 2 2
Last Minutes Offensive
Center Left Wing Right Wing Defense Defense
Sam Bennett Brady Tkachuk Troy Terry Colin Miller Ryan Pulock
Last Minutes Defensive
Center Left Wing Right Wing Defense Defense
Scott Laughton Andrew Mangiapane Kyle Okposo Mario Ferraro Cody Ceci
Goaltenders
Starting : James Reimer
Backup : Cam Talbot
Extra Forwards
Normal : Nicolas Roy, Craig Smith, Pierre Engvall - PP : Kyle Okposo, Josh Bailey - PK : Kyle Okposo
Extra Defensemen
Normal : Jonas Siegenthaler, Luke Schenn, Cody Ceci - PP : Jonas Siegenthaler - PK : Luke Schenn, Cody Ceci
Penalty Shots
Trevor Zegras, Andrew Mangiapane, Nicolas Roy, Kyle Okposo, Josh Bailey
Pittsburgh Penguins
5 vs 5 Forward
Center Left Wing Right Wing Time % Phy DF OF
1 Leon Draisaitl Mitch Marner Pavel Buchnevich 30 1 2 2
2 Ryan Johansen Anders Lee Jeff Carter 30 1 2 2
3 Jean-Gabriel Pageau Blake Coleman Reilly Smith 25 1 2 2
4 Colton Sissons Erik Gudbranson Jordan Eberle 15 1 2 2
5 vs 5 Defense
Defense Defense Time % Phy DF OF
1 Mattias Ekholm Erik Karlsson 35 1 2 2
2 Ryan Suter Anton Stralman 35 1 2 2
3 Chris Tanev T.J. Brodie 30 1 2 2
4 Mattias Ekholm Erik Karlsson 0 1 2 2
PowerPlay Forward
Center Left Wing Right Wing Time % Phy DF OF
1 Leon Draisaitl Mitch Marner Pavel Buchnevich 50 1 2 2
2 Ryan Johansen Anders Lee Jeff Carter 50 1 2 2
PowerPlay Defense
Defense Defense Time % Phy DF OF
1 Mattias Ekholm Erik Karlsson 50 1 2 2
2 Ryan Suter Anton Stralman 50 1 2 2
Penalty Kill 4 Players Forward
Center Wing Time % Phy DF OF
1 Leon Draisaitl Mitch Marner 50 1 2 2
2 Pavel Buchnevich Ryan Johansen 50 1 2 2
Penalty Kill 4 Players Defense
Defense Defense Time % Phy DF OF
1 Mattias Ekholm Erik Karlsson 50 1 2 2
2 Ryan Suter Anton Stralman 50 1 2 2
Penalty Kill - 3 Players Forward
Forward Time % Phy DF OF
1 Leon Draisaitl 50 1 2 2
2 Mitch Marner 50 1 2 2
Penalty Kill - 3 Players Defense
Defense Defense Time % Phy DF OF
1 Mattias Ekholm Erik Karlsson 50 1 2 2
2 Ryan Suter Anton Stralman 50 1 2 2
4 vs 4 Forward
Center Wing Time % Phy DF OF
1 Leon Draisaitl Mitch Marner 50 1 2 2
2 Pavel Buchnevich Ryan Johansen 50 1 2 2
4 vs 4 Defense
Defense Defense Time % Phy DF OF
1 Mattias Ekholm Erik Karlsson 50 1 2 2
2 Ryan Suter Anton Stralman 50 1 2 2
Last Minutes Offensive
Center Left Wing Right Wing Defense Defense
Leon Draisaitl Mitch Marner Pavel Buchnevich Mattias Ekholm Erik Karlsson
Last Minutes Defensive
Center Left Wing Right Wing Defense Defense
Leon Draisaitl Mitch Marner Pavel Buchnevich Mattias Ekholm Erik Karlsson
Goaltenders
Starting : Mike Smith
Backup : Jonathan Quick
Extra Forwards
Normal : Jean-Gabriel Pageau, Reilly Smith, Jordan Eberle - PP : Jean-Gabriel Pageau, Reilly Smith - PK : Jordan Eberle
Extra Defensemen
Normal : Chris Tanev, T.J. Brodie, Erik Gudbranson - PP : Chris Tanev - PK : T.J. Brodie, Erik Gudbranson
Penalty Shots
Leon Draisaitl, Mitch Marner, Pavel Buchnevich, Ryan Johansen, Jeff Carter
% Time on Ice - Toronto Maple Leafs
Lines # - Real PCT - Wanted PCT - Time Play
Normal Forward
1 - 38% - 40% - 16:38
2 - 27% - 30% - 11:50
3 - 21% - 20% - 9:03
4 - 15% - 10% - 6:35
Normal Defense
1 - 43% - 40% - 18:51
2 - 34% - 30% - 14:53
3 - 18% - 20% - 7:45
4 - 6% - 10% - 2:37
PP Forward
1 - 62% - 60% - 3:33
2 - 38% - 40% - 2:13
PP Defense
1 - 88% - 60% - 5:05
2 - 12% - 40% - 0:41
PK Forward
1 - 75% - 60% - 6:26
2 - 25% - 40% - 2:07
PK Defense
1 - 59% - 60% - 5:04
2 - 41% - 40% - 3:29
PK3 Forward
1 - 0% - 60%
2 - 0% - 40%
PK3 Defense
1 - 0% - 60%
2 - 0% - 40%
44 Forward
1 - 83% - 60% - 1:19
2 - 17% - 40% - 0:16
44 Defense
1 - 85% - 60% - 1:21
2 - 15% - 40% - 0:14
Last Minute Offensive - 0:00
Last Minute Defensive - 0:00
Total
Forward - 60:00
Defense - 60:00
|
% Time on Ice - Pittsburgh Penguins
Lines # - Real PCT - Wanted PCT - Time Play
Normal Forward
1 - 29% - 30% - 12:54
2 - 27% - 30% - 12:07
3 - 28% - 25% - 12:25
4 - 15% - 15% - 6:40
Normal Defense
1 - 36% - 35% - 15:55
2 - 35% - 35% - 15:16
3 - 29% - 30% - 12:36
4 - 1% - 0% - 0:19
PP Forward
1 - 48% - 50% - 4:06
2 - 52% - 50% - 4:27
PP Defense
1 - 46% - 50% - 3:56
2 - 54% - 50% - 4:37
PK Forward
1 - 41% - 50% - 2:15
2 - 59% - 50% - 3:13
PK Defense
1 - 50% - 50% - 2:45
2 - 50% - 50% - 2:43
PK3 Forward
1 - 67% - 50% - 0:12
2 - 33% - 50% - 0:06
PK3 Defense
1 - 67% - 50% - 0:12
2 - 33% - 50% - 0:06
44 Forward
1 - 54% - 50% - 0:51
2 - 46% - 50% - 0:44
44 Defense
1 - 55% - 50% - 0:52
2 - 45% - 50% - 0:43
Last Minute Offensive - 0:00
Last Minute Defensive - 0:00
Total
Forward - 60:00
Defense - 60:00
|
Play-by-Play
1st period
0:01 of 1st period - Sam Bennett wins face-off versus Leon Draisaitl in neutral zone.
0:15 of 1st period - Slapshot by Mitch Marner.
0:15 of 1st period - Goal by Mitch Marner - Toronto Maple Leafs : 0 - Pittsburgh Penguins : 1.
0:16 of 1st period - Ryan Johansen wins face-off versus Adam Henrique in neutral zone.
0:19 of 1st period - Wrist shot by Ryan Johansen.
0:19 of 1st period - Stopped by James Reimer without a rebound.
0:20 of 1st period - Ryan Johansen wins face-off versus Adam Henrique in Toronto Maple Leafs zone.
0:25 of 1st period - Backhand shot by Anders Lee.
0:25 of 1st period - Shot Blocked by Ryan Pulock.
1:15 of 1st period - Wrist shot by Sam Bennett.
1:15 of 1st period - Stopped by Mike Smith with a rebound.
1:35 of 1st period - Slapshot by Leon Draisaitl.
1:35 of 1st period - Stopped by James Reimer without a rebound.
1:36 of 1st period - Andrew Mangiapane wins face-off versus Ryan Johansen in Toronto Maple Leafs zone.
1:48 of 1st period - Jeff Carter is hit by Andrew Mangiapane and loses puck.
2:03 of 1st period - Mario Ferraro is hit by Blake Coleman and loses puck.
2:32 of 1st period - Snap shot by Trevor Zegras.
2:32 of 1st period - Deflect By Troy Terry.
2:32 of 1st period - Shot Misses the Net.
2:32 of 1st period - Puck is out of play.
2:33 of 1st period - Colton Sissons wins face-off versus Adam Henrique in Pittsburgh Penguins zone.
2:33 of 1st period - Colton Sissons is hit by Kyle Okposo.
2:44 of 1st period - Snap shot by Andrew Mangiapane.
2:44 of 1st period - Stopped by Mike Smith with a rebound.
2:46 of 1st period - Slapshot by Andrew Mangiapane.
2:46 of 1st period - Shot Blocked by Colton Sissons.
2:48 of 1st period - Snap shot by Andrew Mangiapane.
2:48 of 1st period - Shot Blocked by T.J. Brodie.
3:04 of 1st period - Backhand shot by Leon Draisaitl.
3:04 of 1st period - Shot Misses the Net.
3:06 of 1st period - Slapshot by Chris Tanev.
3:06 of 1st period - Deflect By Mitch Marner.
3:06 of 1st period - Stopped by James Reimer with a rebound.
3:20 of 1st period - Erik Karlsson is hit by Scott Laughton and loses puck.
3:27 of 1st period - Snap shot by Troy Terry.
3:27 of 1st period - Shot Blocked by Mattias Ekholm.
3:36 of 1st period - Icing by Cody Ceci.
3:37 of 1st period - Nicolas Roy wins face-off versus Blake Coleman in Toronto Maple Leafs zone.
4:33 of 1st period - Wrist shot by Andrew Mangiapane.
4:33 of 1st period - Stopped by Mike Smith without a rebound.
4:34 of 1st period - Blake Coleman wins face-off versus Adam Henrique in Pittsburgh Penguins zone.
5:09 of 1st period - Erik Karlsson is hit by Colin Miller.
5:23 of 1st period - Snap shot by Jordan Eberle.
5:23 of 1st period - Stopped by James Reimer with a rebound.
5:45 of 1st period - Snap shot by Ryan Johansen.
5:45 of 1st period - Stopped by James Reimer with a rebound.
5:53 of 1st period - Slapshot by Ryan Johansen.
5:53 of 1st period - Stopped by James Reimer without a rebound.
5:54 of 1st period - Leon Draisaitl wins face-off versus Sam Bennett in Toronto Maple Leafs zone.
6:11 of 1st period - Josh Bailey is hit by Leon Draisaitl and loses puck.
6:29 of 1st period - Wrist shot by Andrew Mangiapane.
6:29 of 1st period - Shot Misses the Net.
7:25 of 1st period - Off-side.
7:26 of 1st period - Leon Draisaitl wins face-off versus Sam Bennett in neutral zone.
7:41 of 1st period - Slapshot by Sam Bennett.
7:41 of 1st period - Shot Blocked by Anton Stralman.
8:18 of 1st period - Anton Stralman is hit by Nicolas Roy.
8:32 of 1st period - Jean-Gabriel Pageau is hit by Trevor Zegras.
8:36 of 1st period - Blake Coleman is hit by Trevor Zegras and loses puck.
9:01 of 1st period - Off-side.
9:02 of 1st period - Sam Bennett wins face-off versus Leon Draisaitl in neutral zone.
9:15 of 1st period - Slapshot by Mitch Marner.
9:15 of 1st period - Stopped by James Reimer with a rebound.
9:29 of 1st period - Colton Sissons is hit by Andrew Mangiapane and loses puck.
9:58 of 1st period - Slapshot by Trevor Zegras.
9:58 of 1st period - Shot Misses the Net.
10:00 of 1st period - Minor Penalty to Anders Lee for Hooking.
10:01 of 1st period - Sam Bennett wins face-off versus Leon Draisaitl in Pittsburgh Penguins zone.
10:08 of 1st period - Slapshot by Troy Terry.
10:08 of 1st period - Stopped by Mike Smith without a rebound.
10:09 of 1st period - Sam Bennett wins face-off versus Leon Draisaitl in Pittsburgh Penguins zone.
10:28 of 1st period - Wrist shot by Brady Tkachuk.
10:28 of 1st period - Shot Misses the Net.
10:30 of 1st period - Slapshot by Sam Bennett.
10:30 of 1st period - Shot Misses the Net.
10:32 of 1st period - Snap shot by Sam Bennett.
10:32 of 1st period - Deflect By Troy Terry.
10:32 of 1st period - Stopped by Mike Smith without a rebound.
10:33 of 1st period - Adam Henrique wins face-off versus Pavel Buchnevich in Pittsburgh Penguins zone.
10:42 of 1st period - Wrist shot by Andrew Mangiapane.
10:42 of 1st period - Shot Misses the Net.
10:44 of 1st period - Wrist shot by Andrew Mangiapane.
10:44 of 1st period - Shot Misses the Net.
10:46 of 1st period - Wrist shot by Ryan Pulock.
10:46 of 1st period - Goal by Ryan Pulock - Toronto Maple Leafs : 1 - Pittsburgh Penguins : 1.
10:47 of 1st period - Sam Bennett wins face-off versus Reilly Smith in neutral zone.
11:38 of 1st period - Slapshot by Craig Smith.
11:38 of 1st period - Goal by Craig Smith - Toronto Maple Leafs : 2 - Pittsburgh Penguins : 1.
11:39 of 1st period - Jean-Gabriel Pageau wins face-off versus Sam Bennett in neutral zone.
11:48 of 1st period - Wrist shot by Jean-Gabriel Pageau.
11:48 of 1st period - Shot Blocked by Brady Tkachuk.
12:13 of 1st period - Wrist shot by Adam Henrique.
12:13 of 1st period - Shot Blocked by Mattias Ekholm.
12:34 of 1st period - Minor Penalty to Anders Lee for Tripping.
12:35 of 1st period - Sam Bennett wins face-off versus Pavel Buchnevich in Pittsburgh Penguins zone.
12:39 of 1st period - Slapshot by Troy Terry.
12:39 of 1st period - Deflect By Ryan Johansen.
12:39 of 1st period - Stopped by Mike Smith with a rebound.
12:47 of 1st period - Slapshot by Brady Tkachuk.
12:47 of 1st period - Deflect By Troy Terry.
12:47 of 1st period - Stopped by Mike Smith with a rebound.
12:49 of 1st period - Backhand shot by Sam Bennett.
12:49 of 1st period - Goal by Sam Bennett - Toronto Maple Leafs : 3 - Pittsburgh Penguins : 1.
12:50 of 1st period - Sam Bennett wins face-off versus Ryan Johansen in neutral zone.
13:05 of 1st period - Slapshot by Sam Bennett.
13:05 of 1st period - Goal by Sam Bennett - Toronto Maple Leafs : 4 - Pittsburgh Penguins : 1.
13:06 of 1st period - Sam Bennett wins face-off versus Colton Sissons in neutral zone.
13:31 of 1st period - Andrew Mangiapane is hit by Mitch Marner.
13:51 of 1st period - Icing by Kyle Okposo.
13:52 of 1st period - Jean-Gabriel Pageau wins face-off versus Troy Terry in Toronto Maple Leafs zone.
14:08 of 1st period - Icing by Scott Laughton.
14:09 of 1st period - Ryan Johansen wins face-off versus Scott Laughton in Toronto Maple Leafs zone.
14:34 of 1st period - Ryan Pulock is hit by Pavel Buchnevich and loses puck.
14:43 of 1st period - Mitch Marner is hit by Scott Laughton and loses puck.
14:51 of 1st period - Snap shot by Troy Terry.
14:51 of 1st period - Shot Blocked by Erik Karlsson.
14:53 of 1st period - Snap shot by Scott Laughton.
14:53 of 1st period - Stopped by Mike Smith without a rebound.
14:54 of 1st period - Josh Bailey wins face-off versus Jean-Gabriel Pageau in Pittsburgh Penguins zone.
14:57 of 1st period - Snap shot by Sam Bennett.
14:57 of 1st period - Deflect By Reilly Smith.
14:57 of 1st period - Shot Blocked by Ryan Suter.
14:57 of 1st period - Puck is out of play.
14:58 of 1st period - Jean-Gabriel Pageau wins face-off versus Sam Bennett in Pittsburgh Penguins zone.
15:11 of 1st period - Wrist shot by Brady Tkachuk.
15:11 of 1st period - Stopped by Mike Smith without a rebound.
15:12 of 1st period - Ryan Johansen wins face-off versus Sam Bennett in Pittsburgh Penguins zone.
15:23 of 1st period - Snap shot by Jeff Carter.
15:23 of 1st period - Shot Misses the Net.
16:04 of 1st period - Mattias Ekholm is hit by Craig Smith and loses puck.
16:10 of 1st period - Off-side.
16:11 of 1st period - Jean-Gabriel Pageau wins face-off versus Sam Bennett in neutral zone.
16:24 of 1st period - Snap shot by Reilly Smith.
16:24 of 1st period - Stopped by James Reimer with a rebound.
16:26 of 1st period - Slapshot by Blake Coleman.
16:26 of 1st period - Deflect By Jean-Gabriel Pageau.
16:26 of 1st period - Shot Blocked by Ryan Pulock.
16:26 of 1st period - Puck is out of play.
16:27 of 1st period - Ryan Johansen wins face-off versus Adam Henrique in Toronto Maple Leafs zone.
16:58 of 1st period - Snap shot by Pavel Buchnevich.
16:58 of 1st period - Shot Misses the Net.
17:26 of 1st period - Pierre Engvall is hit by Reilly Smith and loses puck.
18:46 of 1st period - Snap shot by Jean-Gabriel Pageau.
18:46 of 1st period - Shot Misses the Net.
19:20 of 1st period - Wrist shot by Jordan Eberle.
19:20 of 1st period - Shot Blocked by Colin Miller.
19:26 of 1st period - Snap shot by Andrew Mangiapane.
19:26 of 1st period - Shot Blocked by Mattias Ekholm.
19:28 of 1st period - Slapshot by Colin Miller.
19:28 of 1st period - Shot Blocked by Mattias Ekholm.
Goals for this period are 4 for Toronto Maple Leafs vs 1 for Pittsburgh Penguins.
Shots for this period are 13 for Toronto Maple Leafs vs 9 for Pittsburgh Penguins.
2nd period
0:01 of 2nd period - Sam Bennett wins face-off versus Ryan Johansen in neutral zone.
0:32 of 2nd period - Wrist shot by Mitch Marner.
0:32 of 2nd period - Deflect By Adam Henrique.
0:32 of 2nd period - Stopped by James Reimer without a rebound.
0:33 of 2nd period - Adam Henrique wins face-off versus Leon Draisaitl in Toronto Maple Leafs zone.
1:13 of 2nd period - Slapshot by Mitch Marner.
1:13 of 2nd period - Stopped by James Reimer without a rebound.
1:14 of 2nd period - Sam Bennett wins face-off versus Jean-Gabriel Pageau in Toronto Maple Leafs zone.
1:14 of 2nd period - Sam Bennett is hit by T.J. Brodie.
1:45 of 2nd period - Snap shot by Trevor Zegras.
1:45 of 2nd period - Stopped by Mike Smith with a rebound.
1:50 of 2nd period - Icing by Jeff Carter.
1:51 of 2nd period - Adam Henrique wins face-off versus Anders Lee in Pittsburgh Penguins zone.
2:02 of 2nd period - Snap shot by Ryan Johansen.
2:02 of 2nd period - Stopped by James Reimer without a rebound.
2:03 of 2nd period - Sam Bennett wins face-off versus Jean-Gabriel Pageau in Toronto Maple Leafs zone.
2:25 of 2nd period - Icing by Blake Coleman.
2:26 of 2nd period - Reilly Smith wins face-off versus Adam Henrique in Pittsburgh Penguins zone.
2:32 of 2nd period - Off-side.
2:33 of 2nd period - Sam Bennett wins face-off versus Ryan Johansen in neutral zone.
2:42 of 2nd period - Wrist shot by Ryan Johansen.
2:42 of 2nd period - Stopped by James Reimer with a rebound.
2:44 of 2nd period - Snap shot by Ryan Johansen.
2:44 of 2nd period - Stopped by James Reimer with a rebound.
3:06 of 2nd period - Snap shot by Leon Draisaitl.
3:06 of 2nd period - Shot Blocked by Mario Ferraro.
3:22 of 2nd period - Mario Ferraro is hit by Jean-Gabriel Pageau.
4:27 of 2nd period - Minor Penalty to T.J. Brodie for Hooking.
4:28 of 2nd period - Pavel Buchnevich wins face-off versus Adam Henrique in Pittsburgh Penguins zone.
5:13 of 2nd period - Snap shot by Mitch Marner.
5:13 of 2nd period - Shot Misses the Net.
5:35 of 2nd period - Jonas Siegenthaler is hit by Anton Stralman and loses puck.
6:27 of 2nd period - Penalty to T.J. Brodie is over, T.J. Brodie is back on ice.
6:34 of 2nd period - Snap shot by Reilly Smith.
6:34 of 2nd period - Stopped by James Reimer with a rebound.
6:36 of 2nd period - Slapshot by Erik Karlsson.
6:36 of 2nd period - Shot Misses the Net.
6:38 of 2nd period - Snap shot by Jean-Gabriel Pageau.
6:38 of 2nd period - Shot Misses the Net.
6:48 of 2nd period - Minor Penalty to Nicolas Roy for Hooking.
6:49 of 2nd period - Ryan Johansen wins face-off versus Andrew Mangiapane in Toronto Maple Leafs zone.
7:00 of 2nd period - Backhand shot by Anders Lee.
7:00 of 2nd period - Goal by Anders Lee - Toronto Maple Leafs : 4 - Pittsburgh Penguins : 2.
7:01 of 2nd period - Sam Bennett wins face-off versus Leon Draisaitl in neutral zone.
7:10 of 2nd period - Snap shot by Brady Tkachuk.
7:10 of 2nd period - Stopped by Mike Smith with a rebound.
7:38 of 2nd period - Wrist shot by Jean-Gabriel Pageau.
7:38 of 2nd period - Shot Blocked by Brady Tkachuk.
7:40 of 2nd period - Snap shot by Blake Coleman.
7:40 of 2nd period - Shot Blocked by Sam Bennett.
8:14 of 2nd period - Snap shot by Nicolas Roy.
8:14 of 2nd period - Shot Misses the Net.
8:22 of 2nd period - Snap shot by Erik Karlsson.
8:22 of 2nd period - Deflect By Craig Smith.
8:22 of 2nd period - Stopped by James Reimer without a rebound.
8:23 of 2nd period - Andrew Mangiapane wins face-off versus Leon Draisaitl in Toronto Maple Leafs zone.
8:50 of 2nd period - Anton Stralman is hit by Trevor Zegras and loses puck.
9:17 of 2nd period - Wrist shot by Pierre Engvall.
9:17 of 2nd period - Stopped by Mike Smith with a rebound.
9:19 of 2nd period - Slapshot by Jonas Siegenthaler.
9:19 of 2nd period - Stopped by Mike Smith with a rebound.
9:21 of 2nd period - Slapshot by Luke Schenn.
9:21 of 2nd period - Shot Misses the Net.
9:23 of 2nd period - Wrist shot by Pierre Engvall.
9:23 of 2nd period - Stopped by Mike Smith with a rebound.
9:25 of 2nd period - Wrist shot by Jonas Siegenthaler.
9:25 of 2nd period - Stopped by Mike Smith with a rebound.
9:43 of 2nd period - Anton Stralman is hit by Sam Bennett and loses puck.
9:54 of 2nd period - Snap shot by Leon Draisaitl.
9:54 of 2nd period - Shot Misses the Net.
9:56 of 2nd period - Slapshot by Leon Draisaitl.
9:56 of 2nd period - Deflect By Kyle Okposo.
9:56 of 2nd period - Stopped by James Reimer with a rebound.
9:58 of 2nd period - Wrist shot by Mitch Marner.
9:58 of 2nd period - Shot Misses the Net.
10:00 of 2nd period - Slapshot by Anton Stralman.
10:00 of 2nd period - Shot Misses the Net.
10:02 of 2nd period - Slapshot by Anton Stralman.
10:02 of 2nd period - Shot Misses the Net.
10:04 of 2nd period - Snap shot by Leon Draisaitl.
10:04 of 2nd period - Shot Misses the Net.
10:06 of 2nd period - Wrist shot by Ryan Suter.
10:06 of 2nd period - Shot Blocked by Kyle Okposo.
10:08 of 2nd period - Slapshot by Pavel Buchnevich.
10:08 of 2nd period - Stopped by James Reimer with a rebound.
10:44 of 2nd period - Snap shot by Sam Bennett.
10:44 of 2nd period - Stopped by Mike Smith with a rebound.
10:46 of 2nd period - Slapshot by Cody Ceci.
10:46 of 2nd period - Shot Blocked by Jeff Carter.
11:02 of 2nd period - Slapshot by Erik Karlsson.
11:02 of 2nd period - Stopped by James Reimer with a rebound.
11:39 of 2nd period - Off-side.
11:40 of 2nd period - Josh Bailey wins face-off versus Leon Draisaitl in neutral zone.
11:43 of 2nd period - Slapshot by Josh Bailey.
11:43 of 2nd period - Stopped by Mike Smith with a rebound.
11:45 of 2nd period - Slapshot by Jonas Siegenthaler.
11:45 of 2nd period - Shot Blocked by Leon Draisaitl.
11:47 of 2nd period - Snap shot by Brady Tkachuk.
11:47 of 2nd period - Goal by Brady Tkachuk - Toronto Maple Leafs : 5 - Pittsburgh Penguins : 2.
11:48 of 2nd period - Sam Bennett wins face-off versus Leon Draisaitl in neutral zone.
11:57 of 2nd period - Slapshot by Brady Tkachuk.
11:57 of 2nd period - Stopped by Mike Smith with a rebound.
11:59 of 2nd period - Wrist shot by Brady Tkachuk.
11:59 of 2nd period - Shot Blocked by Chris Tanev.
12:01 of 2nd period - Backhand shot by Mario Ferraro.
12:01 of 2nd period - Deflect By Leon Draisaitl.
12:01 of 2nd period - Stopped by Mike Smith without a rebound.
12:02 of 2nd period - Ryan Johansen wins face-off versus Sam Bennett in Pittsburgh Penguins zone.
12:02 of 2nd period - Ryan Johansen is hit by Brady Tkachuk.
12:11 of 2nd period - Minor Penalty to Brady Tkachuk for Hooking.
12:12 of 2nd period - Scott Laughton wins face-off versus Leon Draisaitl in Toronto Maple Leafs zone.
14:11 of 2nd period - Penalty to Brady Tkachuk is over, Brady Tkachuk is back on ice.
14:14 of 2nd period - Ryan Johansen is hit by Jonas Siegenthaler and loses puck.
14:48 of 2nd period - Colton Sissons is hit by Josh Bailey and loses puck.
15:29 of 2nd period - Andrew Mangiapane is hit by Jean-Gabriel Pageau and loses puck.
15:58 of 2nd period - Craig Smith is hit by Mitch Marner and loses puck.
16:14 of 2nd period - Slapshot by Ryan Suter.
16:14 of 2nd period - Stopped by James Reimer with a rebound.
16:24 of 2nd period - Minor Penalty to Craig Smith for Tripping.
16:25 of 2nd period - Mitch Marner wins face-off versus Scott Laughton in Toronto Maple Leafs zone.
16:38 of 2nd period - Wrist shot by Scott Laughton.
16:38 of 2nd period - Shot Misses the Net.
16:43 of 2nd period - Off-side.
16:44 of 2nd period - Scott Laughton wins face-off versus Ryan Johansen in neutral zone.
17:15 of 2nd period - Pierre Engvall is hit by Leon Draisaitl.
17:41 of 2nd period - Wrist shot by Ryan Johansen.
17:41 of 2nd period - Deflect By Anders Lee.
17:41 of 2nd period - Stopped by James Reimer with a rebound.
18:24 of 2nd period - Penalty to Craig Smith is over, Craig Smith is back on ice.
18:36 of 2nd period - Wrist shot by Jordan Eberle.
18:36 of 2nd period - Shot Misses the Net.
18:42 of 2nd period - Snap shot by Jordan Eberle.
18:42 of 2nd period - Shot Misses the Net.
Goals for this period are 1 for Toronto Maple Leafs vs 1 for Pittsburgh Penguins.
Shots for this period are 11 for Toronto Maple Leafs vs 13 for Pittsburgh Penguins.
3rd period
0:01 of 3rd period - Sam Bennett wins face-off versus Leon Draisaitl in neutral zone.
0:27 of 3rd period - Adam Henrique is hit by Jeff Carter and loses puck.
0:46 of 3rd period - Wrist shot by Trevor Zegras.
0:46 of 3rd period - Stopped by Mike Smith with a rebound.
1:12 of 3rd period - Double Minor Penalty to Colin Miller for Slashing.
1:13 of 3rd period - Scott Laughton wins face-off versus Ryan Johansen in Toronto Maple Leafs zone.
1:21 of 3rd period - Wrist shot by Andrew Mangiapane.
1:21 of 3rd period - Shot Misses the Net.
5:12 of 3rd period - Penalty to Colin Miller is over, Colin Miller is back on ice.
5:34 of 3rd period - Ryan Pulock is hit by Blake Coleman and loses puck.
5:45 of 3rd period - Snap shot by Trevor Zegras.
5:45 of 3rd period - Stopped by Mike Smith without a rebound.
5:46 of 3rd period - Nicolas Roy wins face-off versus Colton Sissons in Pittsburgh Penguins zone.
6:05 of 3rd period - Colin Miller is hit by Blake Coleman.
6:11 of 3rd period - Slapshot by Jean-Gabriel Pageau.
6:11 of 3rd period - Stopped by James Reimer without a rebound.
6:12 of 3rd period - Jean-Gabriel Pageau wins face-off versus Sam Bennett in Toronto Maple Leafs zone.
6:35 of 3rd period - Erik Karlsson is hit by Adam Henrique and loses puck.
6:40 of 3rd period - Wrist shot by Andrew Mangiapane.
6:40 of 3rd period - Stopped by Mike Smith with a rebound.
6:42 of 3rd period - Slapshot by Colin Miller.
6:42 of 3rd period - Stopped by Mike Smith without a rebound.
6:43 of 3rd period - Leon Draisaitl wins face-off versus Sam Bennett in Pittsburgh Penguins zone.
6:43 of 3rd period - Leon Draisaitl is hit by Brady Tkachuk.
6:46 of 3rd period - Minor Penalty to Ryan Suter for Hooking.
6:47 of 3rd period - Sam Bennett wins face-off versus Pavel Buchnevich in Pittsburgh Penguins zone.
6:57 of 3rd period - Snap shot by Troy Terry.
6:57 of 3rd period - Stopped by Mike Smith with a rebound.
6:59 of 3rd period - Slapshot by Jonas Siegenthaler.
6:59 of 3rd period - Shot Blocked by Mattias Ekholm.
7:01 of 3rd period - Wrist shot by Brady Tkachuk.
7:01 of 3rd period - Stopped by Mike Smith with a rebound.
7:09 of 3rd period - Minor Penalty to Erik Karlsson for Tripping.
7:10 of 3rd period - Leon Draisaitl wins face-off versus Troy Terry in Pittsburgh Penguins zone.
7:21 of 3rd period - Snap shot by Brady Tkachuk.
7:21 of 3rd period - Deflect By Troy Terry.
7:21 of 3rd period - Shot Misses the Net.
7:21 of 3rd period - Puck is out of play.
7:22 of 3rd period - Sam Bennett wins face-off versus Mitch Marner in Pittsburgh Penguins zone.
7:25 of 3rd period - Wrist shot by Brady Tkachuk.
7:25 of 3rd period - Shot Misses the Net.
7:27 of 3rd period - Slapshot by Ryan Pulock.
7:27 of 3rd period - Goal by Ryan Pulock - Toronto Maple Leafs : 6 - Pittsburgh Penguins : 2.
7:28 of 3rd period - Leon Draisaitl wins face-off versus Sam Bennett in neutral zone.
7:31 of 3rd period - Backhand shot by Leon Draisaitl.
7:31 of 3rd period - Shot Misses the Net.
7:33 of 3rd period - Minor Penalty to Jonas Siegenthaler for Roughing.
7:34 of 3rd period - Leon Draisaitl wins face-off versus Andrew Mangiapane in Toronto Maple Leafs zone.
7:59 of 3rd period - Andrew Mangiapane is hit by Ryan Johansen.
8:13 of 3rd period - Icing by Mattias Ekholm.
8:14 of 3rd period - Pavel Buchnevich wins face-off versus Sam Bennett in Pittsburgh Penguins zone.
8:19 of 3rd period - Wrist shot by Mitch Marner.
8:19 of 3rd period - Shot Misses the Net.
8:21 of 3rd period - Slapshot by Mattias Ekholm.
8:21 of 3rd period - Shot Blocked by Cody Ceci.
8:25 of 3rd period - Snap shot by Mitch Marner.
8:25 of 3rd period - Stopped by James Reimer without a rebound.
8:26 of 3rd period - Andrew Mangiapane wins face-off versus Pavel Buchnevich in Toronto Maple Leafs zone.
8:35 of 3rd period - Slapshot by Cody Ceci.
8:35 of 3rd period - Stopped by Mike Smith with a rebound.
8:37 of 3rd period - Slapshot by Adam Henrique.
8:37 of 3rd period - Deflect By Ryan Johansen.
8:37 of 3rd period - Stopped by Mike Smith without a rebound.
8:38 of 3rd period - Pavel Buchnevich wins face-off versus Adam Henrique in Pittsburgh Penguins zone.
8:49 of 3rd period - Snap shot by Andrew Mangiapane.
8:49 of 3rd period - Shot Blocked by Anton Stralman.
8:51 of 3rd period - Wrist shot by Adam Henrique.
8:51 of 3rd period - Stopped by Mike Smith without a rebound.
8:52 of 3rd period - Leon Draisaitl wins face-off versus Adam Henrique in Pittsburgh Penguins zone.
8:57 of 3rd period - Adam Henrique is hit by Leon Draisaitl and loses puck.
9:09 of 3rd period - Penalty to Erik Karlsson is over, Erik Karlsson is back on ice.
9:33 of 3rd period - Penalty to Jonas Siegenthaler is over, Jonas Siegenthaler is back on ice.
9:43 of 3rd period - Wrist shot by Blake Coleman.
9:43 of 3rd period - Stopped by James Reimer without a rebound.
9:44 of 3rd period - Jean-Gabriel Pageau wins face-off versus Sam Bennett in Toronto Maple Leafs zone.
9:45 of 3rd period - Wrist shot by Reilly Smith.
9:45 of 3rd period - Shot Blocked by Sam Bennett.
9:47 of 3rd period - Slapshot by T.J. Brodie.
9:47 of 3rd period - Stopped by James Reimer with a rebound.
9:49 of 3rd period - Slapshot by T.J. Brodie.
9:49 of 3rd period - Shot Blocked by Luke Schenn.
10:04 of 3rd period - Blake Coleman beats up Brady Tkachuk.
10:04 of 3rd period - Penalty to Blake Coleman for Fighting.
10:04 of 3rd period - Penalty to Brady Tkachuk for Fighting.
10:05 of 3rd period - Sam Bennett wins face-off versus Leon Draisaitl in Toronto Maple Leafs zone.
10:32 of 3rd period - Anton Stralman is hit by Colin Miller and loses puck.
10:37 of 3rd period - Wrist shot by Adam Henrique.
10:37 of 3rd period - Shot Misses the Net.
11:19 of 3rd period - Slapshot by Leon Draisaitl.
11:19 of 3rd period - Shot Blocked by Josh Bailey.
11:27 of 3rd period - Mattias Ekholm is hit by Sam Bennett and loses puck.
11:42 of 3rd period - Slapshot by Adam Henrique.
11:42 of 3rd period - Shot Misses the Net.
11:48 of 3rd period - Slapshot by Mitch Marner.
11:48 of 3rd period - Stopped by James Reimer with a rebound.
11:50 of 3rd period - Slapshot by Mattias Ekholm.
11:50 of 3rd period - Shot Blocked by Colin Miller.
11:52 of 3rd period - Snap shot by Pavel Buchnevich.
11:52 of 3rd period - Stopped by James Reimer with a rebound.
11:54 of 3rd period - Backhand shot by Mattias Ekholm.
11:54 of 3rd period - Stopped by James Reimer with a rebound.
12:24 of 3rd period - Slapshot by Leon Draisaitl.
12:24 of 3rd period - Shot Misses the Net.
12:34 of 3rd period - Slapshot by Adam Henrique.
12:34 of 3rd period - Deflect By Andrew Mangiapane.
12:34 of 3rd period - Stopped by Mike Smith without a rebound.
12:35 of 3rd period - Ryan Johansen wins face-off versus Sam Bennett in Pittsburgh Penguins zone.
13:02 of 3rd period - Jordan Eberle is hit by Jonas Siegenthaler and loses puck.
13:14 of 3rd period - Jean-Gabriel Pageau is hit by Ryan Pulock and loses puck.
13:25 of 3rd period - Wrist shot by Colton Sissons.
13:25 of 3rd period - Shot Misses the Net.
13:27 of 3rd period - Slapshot by Anton Stralman.
13:27 of 3rd period - Shot Blocked by Ryan Pulock.
13:27 of 3rd period - Ryan Pulock from Toronto Maple Leafs is injured at 13:27 of 3rd period (Left Leg).
13:28 of 3rd period - Ryan Johansen wins face-off versus Sam Bennett in Toronto Maple Leafs zone.
13:34 of 3rd period - Wrist shot by Anders Lee.
13:34 of 3rd period - Stopped by James Reimer without a rebound.
13:35 of 3rd period - Sam Bennett wins face-off versus Ryan Johansen in Toronto Maple Leafs zone.
14:01 of 3rd period - Snap shot by Ryan Johansen.
14:01 of 3rd period - Shot Misses the Net.
14:03 of 3rd period - Snap shot by Anton Stralman.
14:03 of 3rd period - Stopped by James Reimer with a rebound.
14:29 of 3rd period - Jean-Gabriel Pageau is hit by Troy Terry and loses puck.
14:46 of 3rd period - Nicolas Roy is hit by Erik Gudbranson and loses puck.
14:53 of 3rd period - Snap shot by Colton Sissons.
14:53 of 3rd period - Shot Misses the Net.
15:18 of 3rd period - Jonas Siegenthaler is hit by Mitch Marner and loses puck.
15:33 of 3rd period - Jonas Siegenthaler is hit by Pavel Buchnevich and loses puck.
16:00 of 3rd period - Icing by Ryan Suter.
16:01 of 3rd period - Ryan Johansen wins face-off versus Scott Laughton in Pittsburgh Penguins zone.
17:07 of 3rd period - Mitch Marner is hit by Sam Bennett.
17:22 of 3rd period - Minor Penalty to Pavel Buchnevich for Holding.
17:23 of 3rd period - Sam Bennett wins face-off versus Jordan Eberle in Pittsburgh Penguins zone.
19:22 of 3rd period - Penalty to Pavel Buchnevich is over, Pavel Buchnevich is back on ice.
19:30 of 3rd period - Pavel Buchnevich is hit by Cody Ceci and loses puck.
Goals for this period are 1 for Toronto Maple Leafs vs 0 for Pittsburgh Penguins.
Shots for this period are 11 for Toronto Maple Leafs vs 9 for Pittsburgh Penguins.
Back to the Top